 Dungeon Crawl Stone Soup version 0.31-a0-702-gf82c85558f (webtiles) character file.

Game seed: 1385093344404437020

1594 qw the Skirmisher (level 8, -2/51 HPs)
             Began as a Gargoyle Hunter on Sept 8, 2023.
             Slain by a wight
             ... wielding a +0 halberd
              (9 damage)
             ... on level 6 of the Dungeon.
             The game lasted 00:01:48 (4455 turns).

qw the Skirmisher (Gargoyle Hunter)                 Turns: 4455, Time: 00:01:48

Health: -2/51      AC: 13    Str: 27    XL:     8   Next: 93%
Magic:  8/8        EV: 11    Int: 10    God:
Gold:   71         SH:  0    Dex: 15    Spells: 7/7 levels left

rFire   + + .        Y - +1 shortbow (flame)
rCold   . . .        (shield currently unavailable)
rNeg    + . .        k - +1 ring mail of the Sun {rPois rF++}
rPois   inf          (no helmet)
rElec   +            (no cloak)
rCorr   .            e - +0 pair of gloves
SInv    .            (no boots)
Will    .....        g - amulet of regeneration
Stlth   +            f - +6 ring of strength
HPRegen 1.08/turn    n - +6 ring of strength
MPRegen 0.11/turn

%: no passive effects
@: about to teleport
A: sickness immunity, AC +5, negative energy resistance 1, electricity
resistance, torment resistance 1, petrification resistance
a: no special abilities


You were on level 6 of the Dungeon.
You visited 1 branch of the dungeon, and saw 6 of its levels.

You collected 323 gold pieces.
You spent 252 gold pieces at shops.


Innate Abilities, Weirdness & Mutations

You are immune to sickness and miasma.
Your stone body is resilient. (AC +5)
You are immune to poison.
You resist negative energy. (rN+)
You are resistant to electric shocks. (rElec)
You are resistant to unholy torment.
You are immune to petrification.


   Skills:
 + Level 6.0 Fighting
 - Level 10.0 Ranged Weapons
 - Level 2.5 Armour
 - Level 2.0 Dodging
 - Level 1.1 Stealth


You had 7 spell levels left.
You didn't know any spells.
Your spell library was empty.

Inventory:

Hand Weapons
 Y - a +1 shortbow of flaming (weapon)
Armour
 e - a +0 pair of gloves (worn)
 k - the +1 ring mail of the Sun (worn) {rPois rF++}
   (You found it on level 6 of the Dungeon)

   rF++:      It greatly protects you from fire.
   rPois:     It protects you from poison
Jewellery
 f - a +6 ring of strength (left hand)
 g - an amulet of regeneration (around neck)
 n - a +6 ring of strength (right hand)
Scrolls
 a - 9 scrolls of identify
Potions
 c - a potion of haste
 i - a potion of might
 j - 2 potions of curing

Dungeon Overview and Level Annotations

Branches:
Dungeon (6/15)
 Temple: D:4-7

Altars:
Dithmenos
Uskayaw
Xom

Shops:
D:6 !

Annotations:
D:2 1 runed translucent door, Crazy Yiuf
D:6 Jeremiah


Message History

Enter note:
4448 |||
Found retreat position at 15,19 (floor) with 0 blocking monsters and 2 monsters attacking at destination at distance 25
Enter note:
Enter note:
Enter note:
4448 ||| RETREATING.
Enter note:
Enter note:
Enter note: The wight completely misses you.
The shadow imp closely misses you.
Enter note:
Enter note:
Enter note: You shoot an arrow.
The arrow hits the wight but does no damage.
The wight barely misses you. The shadow imp completely misses you.
The wight closely misses you.
You shoot an arrow.
The arrow hits the wight but does no damage.
The wight hits you from afar with a +0 halberd!
The wight hits you with a +3 dagger! The shadow imp closely misses you.
4452 ||| READING scroll of teleportation.
As you read the scroll of teleportation, it crumbles to dust.
You feel strangely unstable. The wight hits you but does no damage.
The wight misses you.
The shadow imp hits you but does no damage.
You shoot an arrow. The arrow closely misses the wight.
The wight hits you but does no damage.
The shadow imp grinds its teeth.
The shadow imp barely misses you. The wight hits you but does no damage.
You shoot an arrow.
The arrow hits the wight but does no damage.
The wight closely misses you. The wight hits you with a +3 dagger.
The shadow imp disappears for a moment.
The shadow imp gestures at you. Pain shoots through your body!
You shoot an arrow. The arrow hits the wight.
The arrow burns the wight.
The wight is moderately damaged.
The wight hits you from afar with a +0 halberd!
You die... ### #.. #.. ########### #.. #.......>.. .... #...z..#.# #### #..@5..# .Fb

#........# ##b
#####z....# #.
.....# #b ...
....# #.
........# ###.
...##.## .#...
#....# ...#...
####....####..
#...


You could see 2 wights and a shadow imp.

Vanquished Creatures
  Pikel (D:6)
  An ice beast (D:5)
  A black bear (D:5)
  An ogre (D:5)
  A lemure (D:6)
  A bullfrog (D:6)
  2 scorpions
  3 wights (D:6)
  5 killer bees (D:5)
  4 hounds
  2 sleepcaps
  2 adders (D:2)
  2 ufetubi (D:5)
  7 worms (D:5)
  3 dart slugs
  10 orcs
  3 bats (D:1)
  4 endoplasms
  2 giant cockroaches
  6 goblins
  9 hobgoblins
  4 jackals (D:2)
  4 quokkas
  2 ball pythons
  6 frilled lizards
  3 kobolds
  6 rats
95 creatures vanquished.

Notes
Turn   | Place    | Note
-------+----------+-------------------------------------------
     0 | D:1      | qw the Gargoyle Hunter began the quest for the Orb.
     0 | D:1      | Reached XP level 1. HP: 12/12 MP: 1/1
     0 | D:1      | 0 ||| qw: Version: 0.3-a-76-g4403597
     0 | D:1      | 0 ||| qw: Game counter: 1144
     0 | D:1      | 0 ||| qw: Melee chars always use a shield: true
     0 | D:1      | 0 ||| qw: God list: Okawaru
     0 | D:1      | 0 ||| qw: Allow faded altars: false
     0 | D:1      | 0 ||| qw: Do Orc after clearing Dungeon:15 true
     0 | D:1      | 0 ||| qw: Do second Lair branch before Depths: true
     0 | D:1      | 0 ||| qw: Lair rune preference: random
     0 | D:1      | 0 ||| qw: Goals: Normal
     0 | D:1      | 0 ||| PLANNING D:1-11
   146 | D:1      | Reached XP level 2. HP: 17/17 MP: 2/2
   726 | D:1      | 726 ||| UPGRADING to +0 pair of gloves.
   731 | D:1      | 731 ||| UPGRADING to amulet of regeneration.
   736 | D:1      | 736 ||| READING scroll labelled FAUCISEDEA.
   737 | D:1      | 737 ||| READING scroll labelled WOWNONU TERASE.
   738 | D:1      | 738 ||| READING scroll labelled VATAXA CAIDO.
   742 | D:1      | 742 ||| READING scroll labelled OSIOXI LAOSMO.
   743 | D:1      | 743 ||| DROPPING scroll of butterflies.
   793 | D:2      | Reached XP level 3. HP: 21/21 MP: 3/3
   806 | D:2      | Found a shimmering altar of Xom.
   831 | D:2      | Reached skill level 5 in Ranged Weapons
  1072 | D:2      | Reached skill level 3 in Fighting
  1262 | D:2      | Found a runed translucent door.
  1263 | D:2      | Noticed Crazy Yiuf
  1406 | D:2      | Reached XP level 4. HP: 28/28 MP: 4/4
  1556 | D:2      | 1556 ||| READING scroll labelled FYXOSHRAMEY.
  1557 | D:2      | 1557 ||| READING 2 scrolls labelled LETIEN GIFEALE.
  1558 | D:2      | 1558 ||| READING scroll labelled LAZXEL VIMEPLENT.
  1559 | D:2      | 1559 ||| READING 2 scrolls of identify.
  1559 | D:2      | 1559 ||| IDENTIFYING fuming brown potion
  1560 | D:2      | 1560 ||| DROPPING scroll of poison.
  1561 | D:2      | 1561 ||| DROPPING potion of berserk rage.
  1900 | D:3      | Found a shadowy altar of Dithmenos.
  2565 | D:3      | 2565 ||| UPGRADING to +0 ring mail.
  2575 | D:3      | 2575 ||| DROPPING +0 leather armour.
  2576 | D:3      | 2576 ||| READING 2 scrolls labelled NETACLITHI.
  2577 | D:3      | 2577 ||| READING 5 scrolls of identify.
  2577 | D:3      | 2577 ||| IDENTIFYING golden potion
  2578 | D:3      | 2578 ||| READING 4 scrolls of identify.
  2578 | D:3      | 2578 ||| IDENTIFYING fizzy grey potion
  2579 | D:3      | 2579 ||| DROPPING potion of brilliance.
  2580 | D:3      | 2580 ||| DROPPING scroll of fear.
  2626 | D:4      | Noticed a scorpion
  2629 | D:4      | Killed a scorpion
  2630 | D:4      | Reached XP level 5. HP: 32/32 MP: 5/5
  3013 | D:4      | Reached skill level 6 in Ranged Weapons
  3209 | D:5      | Entered Level 5 of the Dungeon
  3227 | D:5      | Noticed an ice beast
  3228 | D:5      | Reached XP level 6. HP: 37/37 MP: 6/6
  3242 | D:5      | Killed an ice beast
  3266 | D:5      | Noticed a black bear
  3267 | D:5      | 3267 ||| Stepping ~*~*~tactically~*~*~ (retreating).
  3268 | D:5      | 3268 ||| Stepping ~*~*~tactically~*~*~ (retreating).
  3287 | D:5      | Killed a black bear
  3288 | D:5      | Reached skill level 7 in Ranged Weapons
  3288 | D:5      | Reached XP level 7. HP: 44/44 MP: 7/7
  3300 | D:5      | Found a hide-covered altar of Uskayaw.
  3643 | D:5      | 3643 ||| RETREATING.
  3651 | D:5      | Reached skill level 8 in Ranged Weapons
  3679 | D:5      | Reached XP level 8. HP: 30/49 MP: 8/8
  3794 | D:5      | 3794 ||| DROPPING amulet of magic regeneration.
  3795 | D:5      | 3795 ||| UPGRADING to +6 ring of strength.
  3796 | D:5      | 3796 ||| READING scroll labelled FOIRCHO OMAX.
  3897 | D:5      | 3897 ||| READING 3 scrolls labelled LEUSCH OBLEPNUGH.
  3898 | D:5      | 3898 ||| READING 10 scrolls of identify.
  3898 | D:5      | 3898 ||| IDENTIFYING metallic inky potion
  3899 | D:5      | 3899 ||| DROPPING 2 scrolls of fog.
  3955 | D:6      | Found Xeydoafy's Distillery.
  3959 | D:6      | 3959 ||| BUYING potion of curing (42 gold).
  3959 | D:6      | Bought a potion of curing for 42 gold pieces
  3959 | D:6      | 3959 ||| BUYING potion of haste (140 gold).
  3959 | D:6      | Bought a potion of haste for 140 gold pieces
  3959 | D:6      | 3959 ||| BUYING potion of heal wounds (70 gold).
  3959 | D:6      | Bought a potion of heal wounds for 70 gold pieces
  4010 | D:6      | Noticed Pikel
  4011 | D:6      | 4011 ||| RETREATING.
  4015 | D:6      | 4015 ||| Stepping ~*~*~tactically~*~*~ (retreating).
  4016 | D:6      | 4016 ||| Stepping ~*~*~tactically~*~*~ (retreating).
  4017 | D:6      | 4017 ||| Stepping ~*~*~tactically~*~*~ (retreating).
  4018 | D:6      | 4018 ||| Stepping ~*~*~tactically~*~*~ (retreating).
  4019 | D:6      | 4019 ||| Stepping ~*~*~tactically~*~*~ (retreating).
  4026 | D:6      | 4026 ||| Stepping ~*~*~tactically~*~*~ (retreating).
  4044 | D:6      | Killed Pikel
  4045 | D:6      | Reached skill level 9 in Ranged Weapons
  4069 | D:6      | Identified the +1 ring mail of the Sun {rPois rF++}
  4241 | D:6      | Reached skill level 6 in Fighting
  4241 | D:6      | HP: 12/51 [wight/+4 dagger of freezing (1)]
  4242 | D:6      | 4242 ||| READING 4 scrolls of teleportation.
  4245 | D:6      | Reached skill level 10 in Ranged Weapons
  4318 | D:6      | Noticed Jeremiah
  4331 | D:6      | 4331 ||| UPGRADING to +1 ring mail of the Sun {rPois rF++}.
  4331 | D:6      | HP: 12/51 [constriction (4)]
  4332 | D:6      | 4332 ||| READING 3 scrolls of teleportation.
  4368 | D:6      | 4368 ||| UPGRADING to +1 ring mail of the Sun {rPois rF++}.
  4378 | D:6      | 4378 ||| DROPPING +0 ring mail.
  4379 | D:6      | 4379 ||| DROPPING scarf of invisibility.
  4410 | D:6      | 4410 ||| UPGRADING to +6 ring of strength.
  4423 | D:6      | 4423 ||| READING scroll labelled MIJAFEEFRI.
  4438 | D:6      | 4438 ||| READING scroll labelled VUCSUY GO WAL.
  4442 | D:6      | HP: 10/51 [Jeremiah/+4 trident of draining (5)]
  4443 | D:6      | 4443 ||| READING 2 scrolls of teleportation.
  4443 | D:6      | HP: 2/51 [constriction (6)]
  4444 | D:6      | 4444 ||| DRINKING potion of heal wounds.
  4448 | D:6      | 4448 ||| RETREATING.
  4451 | D:6      | HP: 12/51 [wight/+3 dagger (9)]
  4452 | D:6      | 4452 ||| READING scroll of teleportation.
  4455 | D:6      | Slain by a wight

Levels and vault maps discovered:
D:1:      lemuel_arrival_river_ford, layout_basic
D:2:      layout_loops_ring, basic_altar, uniq_crazy_yiuf_cottage
D:3:      layout_loops_corners, grunt_dithmenos_smoke_and_mirrors, minivault_5
D:4:      layout_loops_ring, serial_bayou_lagoon_a
D:5:      layout_rooms, mainiacjoe_overflow_chevrons, nicolae_wormholes
D:6:      layout_basic, serial_shops, nicolae_shop_real_fake_doors, shop,
          uniq_jeremiah, uniq_pikel

Skill      XL: |  1  2  3  4  5  6  7  8 |
---------------+-------------------------+-----
Ranged Weapons | 5 6 7 8 10 | 10.0
Fighting       | 3 4 5 6 |  6.0
Armour         | 2 |  2.5
Dodging        | 2 |  2.0
Stealth        | |  1.1

Action                     |  1- 3 |  4- 6 |  7- 9 || total
---------------------------+-------+-------+-------++-------
   Fire: Shortbow          |    94 |   121 |   181 ||   396
    Use: Scroll            |     4 |     7 |     9 ||    20
         Potion            |       |       |     1 ||     1
 Armour: Leather armour    |    19 |     1 |       ||    20
         Ring mail         |       |    48 |   108 ||   156
  Dodge: Dodged            |    15 |    40 |    72 ||   127

Table legend:
 A = Non-vault XP
 B = Vault XP
 C = Vault XP percentage of total XP
 D = Non-vault monster count
 E = Vault monster count
 F = Vault count percentage of total count
                 A         B        C        D         E       F
            +---------+---------+-------+---------+---------+-------
      Total |    1580 |     698 |  30.6 |      86 |       8 |   8.5
            +---------+---------+-------+---------+---------+-------
        D:1 |      33 |       0 |   0.0 |      20 |       0 |   0.0
        D:2 |      55 |       0 |   0.0 |      18 |       0 |   0.0
        D:3 |      32 |       0 |   0.0 |      14 |       0 |   0.0
        D:4 |     186 |       0 |   0.0 |      11 |       0 |   0.0
        D:5 |     881 |      35 |   3.8 |      15 |       7 |  31.8
        D:6 |     393 |     663 |  62.8 |       8 |       1 |  11.1
            +---------+---------+-------+---------+---------+-------
